 Seeded DCSS version 0.30.1-9-gdf580d7c3d (webtiles) character file.

Game seed: 9106806156630997546 (custom seed)

204 Psyclone the Conjurer (level 5, -2/28 HPs)
             Began as a Deep Elf Conjurer on Oct 9, 2023.
             Was an Initiate of Gozag.
             Slain by an orc wizard
             ... wielding a +0 dagger
              (4 damage)
             ... on level 5 of the Dungeon.
             The game lasted 00:01:00 (812 turns).

Psyclone the Conjurer (Deep Elf Conjurer)            Turns: 812, Time: 00:01:01

Health: -2/28      AC:  2    Str:  4    XL:     5   Next: 52%
Magic:  11/11      EV: 12    Int: 25    God:    Gozag
Gold:   26         SH:  0    Dex: 13    Spells: 7/10 levels left

rFire   . . .        (no weapon)
rCold   . . .        (no shield)
rNeg    . . .        a - +0 robe
rPois   .            (no helmet)
rElec   .            (no cloak)
rCorr   .            (no gloves)
SInv    .            (no boots)
Will    .....        (no amulet)
Stlth   ++           (no ring)
HPRegen 0.24/turn    (no ring)
MPRegen 0.12/turn

%: no passive effects
@: no status effects
A: no striking features
a: Renounce Religion, Potion Petition, Call Merchant, Bribe Branch


You were on level 5 of the Dungeon.
You worshipped Gozag.
Gozag was noncommittal.
You visited 2 branches of the dungeon, and saw 8 of its levels.

You collected 113 gold pieces.
You paid 87 gold pieces to Gozag.

Inventory:

Armour
 a - a +0 robe (worn)
Scrolls
 e - a scroll of acquirement {unknown}
Potions
 b - a potion of magic
 c - a potion of haste {unknown}
 d - a potion of degeneration {unknown}
 f - a potion of mutation {unknown}
 g - a potion of heal wounds {unknown}


   Skills:
 - Level 2.4 Dodging
 - Level 2.4 Stealth
 - Level 3.0 Spellcasting
 + Level 7.5 Conjurations


You had 7 spell levels left.
You knew the following spells:

 Your Spells              Type           Power      Damage    Failure   Level
a - Magic Dart            Conj           100%       1d8       1%          1
b - Searing Ray           Conj           82%        2d7       1%          2

Your spell library contained the following spells:

 Spells                   Type           Power      Damage    Failure   Level
 Dazzling Flash           Conj/Hex       44%        N/A       6%          3
 Fulminant Prism          Conj/Hex       11%        3d9       22%         4
 Iskenderun's Mystic Bla  Conj/Tloc      22%        2d6       22%         4


Dungeon Overview and Level Annotations

Branches:
Dungeon (7/15) Zot: 26775  Temple (1/1) D:5 Zot: 5977

Altars:
Dithmenos
Gozag
Hepliaklqana
Okawaru
Qazlal
Ru
Sif Muna
Trog
Uskayaw
Wu Jian
Xom
Yredelemnul

Annotations:
D:3 Natasha


Message History

An orc wizard comes into view. It is wielding a +0 dagger.
You hear a distant slurping noise.
The orc wizard shouts!
You see here a scroll labelled CUTOFE UXYOKH.
An orc comes into view. It is wielding a +0 short sword.
The orc wizard casts a spell at you. The puff of flame misses you.
A gnoll comes into view. It is wielding a +0 flail.
The gnoll shouts!
You hear a bellow!
You hear a shout!
You hear a bellow!
A gnoll comes into view. It is wielding a +0 flail.
A gnoll sergeant comes into view. It is wielding a +5 trident.
You hear a distant slurping noise.
The orc wizard points at you and mumbles some strange words.
You resist with some effort. The gnoll closely misses you.
The gnoll sergeant hits you from afar with a +5 trident!
You hit the orc wizard but do no damage.
The orc wizard closely misses you. The gnoll barely misses you.
The gnoll sergeant hits you from afar with a +5 trident!
* * * LOW HITPOINT WARNING * * *
The orc wizard barely misses you.
The orc wizard attacks as you move away!
The orc wizard misses you. The gnoll attacks as you move away!
The gnoll hits you with a +0 flail.
* * * LOW HITPOINT WARNING * * *
The orc wizard attacks as you move away!
The orc wizard closely misses you.
The orc wizard attacks as you move away!
The orc wizard hits you with a +0 dagger.
* * * LOW HITPOINT WARNING * * *
The orc wizard attacks as you move away!
The orc wizard hits you but does no damage.
The orc shouts!
The orc wizard casts a spell.
The orc wizard flickers and vanishes!
Deactivating autopickup; reactivate with Ctrl-A.
A gnoll comes into view. It is wielding a +4 spear.
The gnoll sergeant completely misses you.
Something hits you.
You die...
Your body crumbles into a pile of gold.

######## ### #...... ...
####.##.###.###
##.............#
#..............##
#..###............
######..###...###.#####
.......?...>....#.#
............#@#.#.#
######..o..g{g..#.#
#...............#.#
####...##g.........#.#
#..................#.#
...#..[#..........#.#####
#.⌠.#................#
..###...###........#.###.#
#....g......#..#.#.#.###.#####


You could see a gnoll sergeant, 2 gnolls and an orc.

Vanquished Creatures
  A sky beast (D:7)
  A bullfrog (D:6)
  2 adders (D:5)
  2 dart slugs
  3 orcs (D:5)
  A bat (D:1)
  An endoplasm (D:4)
  A hobgoblin (D:4)
  3 jackals
  A kobold (D:4)
16 creatures vanquished.

Notes
Turn   | Place    | Note
-------+----------+-------------------------------------------
     0 | D:1      | Psyclone the Deep Elf Conjurer began the quest for the Orb.
     0 | D:1      | Reached XP level 1. HP: 10/10 MP: 6/6
    28 | D:2      | Found a stormy altar of Qazlal.
   142 | D:2      | Reached XP level 2. HP: 15/15 MP: 5/8
   205 | D:2      | Learned a level 2 spell: Searing Ray
   206 | D:3      | Noticed Natasha
   229 | D:4      | Reached skill level 5 in Conjurations
   311 | D:5      | Entered Level 5 of the Dungeon
   382 | D:5      | Reached XP level 3. HP: 19/19 MP: 4/9
   462 | D:5      | Found a staircase to the Ecumenical Temple.
   466 | D:5      | Noticed a scorpion
   470 | Temple   | Entered the Ecumenical Temple
   481 | Temple   | Became a worshipper of Gozag Ym Sagoz the Greedy
   492 | D:5      | Noticed a yak
   493 | D:5      | Noticed a yak
   505 | D:6      | Noticed a bullfrog
   508 | D:6      | Killed a bullfrog
   509 | D:6      | Reached skill level 6 in Conjurations
   509 | D:6      | Reached XP level 4. HP: 14/24 MP: 5/10
   587 | D:7      | Noticed a sky beast
   593 | D:7      | Killed a sky beast
   594 | D:7      | Reached skill level 7 in Conjurations
   594 | D:7      | Reached XP level 5. HP: 20/28 MP: 2/11
   809 | D:5      | HP: 1/28 [orc wizard/+0 dagger (2)]
   812 | D:5      | Slain by an orc wizard

Illustrated notes

Levels and vault maps discovered:
D:1:      onia_arrival_mini_spirals, layout_loops_ring, serial_shops, shop
D:2:      layout_rooms, basic_altar, reono_crystal_passage, minmay_tetromino_l2,
          uniq_robin, uniq_jessica, uniq_crazy_yiuf_cottage
D:3:      layout_loops_ring, uniq_sigmund, uniq_natasha
D:4:      layout_rooms, ebering_ghost_sewer_d, nicolae_take_the_stairs,
          grunt_ministairs_6, ebering_dispersal_statue_hall,
          minmay_ogre_servants
D:5:      nicolae_cairo_tiling_large, layout_basic, slow_altar_2,
          minmay_temple_entry_junction_2, portal_sewer_entry_b
D:6:      layout_cave_pools
D:7:      layout_basic, elyvilon_altar_3
Temple:   nicolae_temple_bog_church

Skill      XL: |  1  2  3  4 |
---------------+-------------+-----
Conjurations   | 5 6 7 |  7.5
Dodging        | |  2.4
Stealth        | |  2.4
Spellcasting   | |  3.0

Action                     |  1- 3 |  4- 6 || total
---------------------------+-------+-------++-------
  Melee: Unarmed           |       |     1 ||     1
   Cast: Magic Dart        |    21 |       ||    21
         Searing Ray       |     3 |     2 ||     5
 Armour: Robe              |       |     1 ||     1
  Dodge: Dodged            |    14 |     9 ||    23
